 Dungeon Crawl Stone Soup version 0.29.1-15-g9cfb28693d (webtiles) character file.

Game seed: 17409145989872933770

2 croobank the Sneak (level 1, -2/16 HPs)
             Began as an Octopode Delver on Mar 12, 2023.
             Slain by a gnoll
             ... wielding a +0 whip
             ... led by a gnoll sergeant
              (5 damage)
             ... on level 5 of the Dungeon.
             The game lasted 00:00:42 (35 turns).

croobank the Sneak (Octopode Delver)                  Turns: 35, Time: 00:00:42

Health: -2/16      AC:  1    Str: 11    XL:     1   Next: 30%
Magic:  1/1        EV: 13    Int: 12    God:
Gold:   0          SH:  0    Dex: 13    Spells: 0/0 levels left

rFire   . . .      SeeInvis .   a - +0 hand axe
rCold   . . .      Faith    .   (no shield)
rNeg    . . .      Spirit   .   (helmet restricted)
rPois   .          Reflect  .   (no amulet)
rElec   .          Harm     .   (no ring)
rCorr   .          Rampage  .   (no ring)
Will    .....                   (no ring)
Stlth   ++++......              (no ring)
HPRegen 0.05/turn               (no ring)
MPRegen 0.07/turn               (no ring)
                                (no ring)
                                (no ring)

@: no status effects
A: almost no armour, amphibious, 8 rings, camouflage 1, gelatinous body 1,
(nimble swimmer 1), tentacles
a: no special abilities


You were on level 5 of the Dungeon.
You visited 1 branch of the dungeon, and saw 1 of its levels.

Inventory:

Hand Weapons
 a - a +0 hand axe (weapon)
Wands
 f - a wand of digging (3)
Scrolls
 b - a scroll of fog
 c - a scroll of magic mapping
Potions
 e - a potion of haste


   Skills:
 + Level 3.0 Fighting
 + Level 2.0 Axes
 + Level 2.0 Dodging
 + Level 6.6 Stealth


You couldn't memorise any spells.
You didn't know any spells.
Your spell library was empty.

Dungeon Overview and Level Annotations

Branches:
Dungeon (5/15)
 Temple: D:4-7

Altars:


Innate Abilities, Weirdness & Mutations

You cannot wear most types of armour.
You are amphibious.
You can wear up to eight rings at the same time.
Your skin changes colour to match your surroundings (Stealth+).
Your rubbery body absorbs attacks. (AC +1, EV +1)
((You are camouflaged when in or above water. (Stealth+)))
You have tentacles for arms and can constrict up to eight enemies at once.


Message History

Welcome, croobank the Octopode Delver.
Will you prevail where others failed? Will you find the Orb of Zot?
Press ? for a list of commands and other information.
Found a stone staircase leading down.
An orc comes into view. It is wielding a +0 short sword.
An orc comes into view. It is wielding a +0 club.
Found a book of Lightning.
The orc shouts!
You hear a shout! x2; The orc shouts!
You hear a shout! x5
An orc comes into view. It is wielding a +0 club.
You hit the orc. Your grab misses the orc.
The orc is almost dead.
The orc hits you with a +0 short sword.
You hit the orc.
You kill the orc!
You hit the orc but do no damage.
An orc comes into view. It is wielding a +0 vampiric dagger.
You barely miss the orc. You grab the orc. You barely miss the orc.
You constrict the orc. The orc hits you with a +0 club.
You release your grip on the orc.
The orc attacks as you move away! The orc hits you with a +0 club.
You closely miss the orc. You grab the orc.
The orc is moderately wounded.
You constrict the orc. The orc hits you with a +0 club.
* * * LOW HITPOINT WARNING * * *
Okay, then.
As you read the scroll of fear, it crumbles to dust.
You assume a fearsome visage.
The orc looks frightened! x2
You constrict the orc.
The orc struggles to escape constriction.
A gnoll comes into view. It is wielding a +0 whip.
You release your grip on the orc.
The gnoll closely misses you.
You hit the gnoll. Your grab misses the gnoll.
The gnoll is moderately wounded.
The gnoll hits you with a +0 whip.
You die...

#.# #.# #.# #.#
#.# # #.# .. #.#
###.###
#.#########:.o.o..
#........@go#
###########.# .#
.# .# .. ##


You could see a gnoll and 3 orcs.

Vanquished Creatures
  An orc (D:5)
1 creature vanquished.

Notes
Turn   | Place    | Note
-------+----------+-------------------------------------------
     0 | D:5      | croobank the Octopode Delver began the quest for the Orb.
     0 | D:5      | Reached XP level 1. HP: 16/16 MP: 1/1
    35 | D:5      | Slain by a gnoll

Illustrated notes

Levels and vault maps discovered:
D:5:      layout_loops_ring

Action                   || total
-------------------------++-------
Melee: Hand axe          ||     5
       Constrict         ||     2
  Use: Scroll            ||     1
Dodge: Dodged            ||     1
